AoeStats
← DK

MegaRandom

505058910Analyzed
4v4 RM · 24d ago on Sep 7, 2026· 53m 2s· 8 players
Game mode
Random Map
Map size
Large (8 player)
Population
200
Speed
Normal
Resources
Standard
Victory
Conquest
Starting age
Dark Age
Ending age
Imperial Age
RankedLock teamsTeams togetherTeam positionsShared explorationLock speedFull tech treeHidden civsTurbo modeCheats
Victory
Defeat
🇷🇺 Khitans · Russia
1153
+12
🇷🇺 Bohemians · Russia
1125
+13
🇷🇺 Slavs · Russia
1115
+14
🇷🇺 Malians · Russia
1033
+16
1074
-14
🇩🇪 Sicilians · Germany
1068
-14
🇩🇪 Shu · Germany
1058
-14
🇩🇪 Bengalis · Germany
1045
-13
Saladin
11:27 Loom
13:32 Feudal Age
17:35 Castle Age
15:33 Double-Bit Axe
16:30 Domestication
18:33 Bow Saw
19:00 Stone Mining
22:37 Stone Shaft Mining
21:56 Gold Mining
27:20 Forging
27:10 Scale Mail Armor
28:17 Lamellar Armor
28:13 Squires
28:00 Gambesons
28:00 Arson
29:54 Wheelbarrow
29:42 Chain Mail Armor
30:25 Iron Casting
34:40 Imperial Age
33:54 Hand Cart
34:51 Capped Ram
35:01 Elite Liao Dao
36:16 Plate Mail Armor
36:06 Siege Ram
37:31 Conscription
38:49 Town Watch
41:30 Two-Man Saw
42:50 Caravan
47:54 Fletching
dagger.daggerov
8:16 Loom
11:19 Feudal Age
12:03 Double-Bit Axe
13:14 Horse Collar
22:38 Castle Age
20:40 Gold Mining
27:37 Wheelbarrow
30:51 Man-at-Arms
36:12 Imperial Age
38:30 Pikeman
39:12 Squires
39:26 Scale Mail Armor
40:21 Stone Mining
41:07 Gold Shaft Mining
41:50 Hand Cart
43:00 Chain Mail Armor
42:56 Forging
43:04 Long Swordsman
44:23 Stone Shaft Mining
44:35 Bow Saw
44:29 Heavy Plow
46:03 Plate Mail Armor
46:09 Iron Casting
46:36 Tigui
47:47 Elite Gbeto
50:35 Crop Rotation
52:32 Farimba
shamil.malikov97
1:25 Loom
8:51 Loom
12:04 Feudal Age
17:15 Castle Age
15:58 Double-Bit Axe
19:40 Bow Saw
24:33 Ballistics
25:32 Chemistry
27:15 Wheelbarrow
28:07 Padded Archer Armor
28:13 Elite Skirmisher
29:26 Fletching
30:52 Leather Archer Armor
31:23 Ballistics
35:34 Imperial Age
33:11 Bodkin Arrow
38:17 Imperial Age
39:20 Houfnice
40:38 Conscription
40:39 Bracer
41:09 Ring Archer Armor
41:13 Elite Hussite Wagon
45:30 Two-Man Saw
46:36 Forging
49:45 Scale Barding Armor
azal873
12:21 Feudal Age
10:38 Loom
22:21 Castle Age
21:29 Wheelbarrow
20:47 Fletching
22:15 Double-Bit Axe
23:27 Pikeman
24:07 Squires
37:24 Stone Mining
37:40 Detinets
41:41 Bow Saw
48:03 Ballistics
47:39 Murder Holes
47:55 Masonry
50:06 Bodkin Arrow
50:13 Padded Archer Armor
50:25 Forging
50:22 Scale Barding Armor
51:41 Gold Mining
53:04 Gold Shaft Mining
darkspire03
10:29 Loom
12:59 Feudal Age
13:51 Double-Bit Axe
16:50 Castle Age
14:56 Horse Collar
15:55 Fishing Lines
17:06 Crossbowman
17:39 Fletching
20:48 Wheelbarrow
22:13 Town Watch
31:29 Imperial Age
32:39 Conscription
32:51 Bodkin Arrow
37:02 Bow Saw
36:54 Bracer
36:55 Padded Archer Armor
39:43 Onager
39:50 Onager
43:07 Heavy Hei Guang Cavalry
43:48 Husbandry
43:58 Scale Barding Armor
44:04 Forging
45:37 Chain Barding Armor
47:10 Plate Barding Armor
50:29 Light Cavalry
DK
7:19 Loom
8:25 Loom
11:21 Feudal Age
17:17 Castle Age
15:25 Double-Bit Axe
16:36 Horse Collar
17:25 Gold Mining
19:32 Fletching
19:43 Scale Mail Armor
21:48 Bow Saw
24:45 Heavy Plow
26:32 Stone Mining
27:24 Forging
27:30 Chain Mail Armor
28:42 Bodkin Arrow
29:22 Iron Casting
36:31 Wheelbarrow
39:06 Imperial Age
41:11 Blast Furnace
40:42 Plate Mail Armor
41:58 Onager
43:42 Scale Barding Armor
45:12 Bloodlines
44:23 Light Cavalry
45:05 Husbandry
44:37 Cavalier
48:18 Chain Barding Armor
51:29 Hand Cart
Stumpi
11:32 Feudal Age
10:30 Loom
13:04 Double-Bit Axe
16:45 Castle Age
19:39 Bloodlines
20:09 Scale Barding Armor
26:27 Horse Collar
31:48 Wheelbarrow
33:52 Chain Barding Armor
33:44 Forging
36:50 Hand Cart
39:52 Gold Mining
46:18 Imperial Age
44:41 Iron Casting
47:27 Elite Battle Elephant
49:31 Plate Barding Armor
1,3,7-Trimethylxanthine
11:22 Feudal Age
10:37 Loom
17:47 Castle Age
15:36 Loom
17:08 Horse Collar
17:55 Double-Bit Axe
20:23 Wheelbarrow
20:32 Gold Mining
20:56 Stone Mining
23:06 Bow Saw
27:38 Padded Archer Armor
27:29 Fletching
28:49 Hand Cart
28:18 Crossbowman
30:14 Thumb Ring
32:40 Grand Trunk Road
34:22 Gold Shaft Mining
34:43 Light Cavalry
35:34 Bloodlines
35:25 Husbandry
39:42 Imperial Age
38:48 Man-at-Arms
39:29 Squires
39:33 Scale Mail Armor
40:21 Long Swordsman
41:21 Chain Mail Armor
41:16 Forging
41:52 Conscription
41:25 Two-Handed Swordsman
41:54 Arson
42:51 Champion
45:12 Iron Casting
45:35 Ballistics
46:17 Chemistry
Connection lost

Rejoining the realm…

Still unreachable

The connection could not be restored.

Session expired

The server has moved on; the page needs a fresh start.